Map: [ESL] Site Delta

Players

MacSed

  • Race: Protoss Protoss
  • Spawn Location: 5:00

Coffee - Winner!

  • Race: Terran Terran
  • Spawn Location: 11:00

Event: ESL SC2 Masters 2023 Winter (Regional)

VOD

Have the link to the VOD?

Description

Time

  • Played on: Nov. 3, 2023, 8:37 a.m.
  • Length: 16:10

All games in this series

Show
View Real Time Build Order
Export as new Build Order

MacSed Protoss 

Build Orders: 1 Gate Expand, Blink Stalkers 

Get SALT Encoding   

  12  0:00  Probe  
  13  0:12  Probe  
  14  0:17  Pylon  
  14  0:24  Probe (Chrono Boost)  
  15  0:36  Gateway, Probe (Chrono Boost)  
  16  0:44  Probe (Chrono Boost)  
  16  0:45  Assimilator  
  17  0:51  Probe  
  18  1:03  Probe  
  19  1:15  Probe  
  20  1:24  Zealot, Cybernetics Core  
  22  1:36  Nexus  
  22  1:42  Pylon  
  22  1:45  Probe  
  23  1:52  Assimilator  
  23  1:59  Adept (Chrono Boost)  
  23  2:00  Probe  
  24  2:03  Warp Gate  
  26  2:12  Probe  
  27  2:22  Adept  
  27  2:25  Probe  
  30  2:34  Twilight Council  
  31  2:37  Probe (Chrono Boost)  
  31  2:48  Probe (Chrono Boost)  
  31  2:49  Probe (Chrono Boost)  
  33  2:52  Sentry  
  33  2:56  Gateway  
  33  2:58  Probe x2 (Chrono Boost)  
  37  3:03  Probe (Chrono Boost)  
  38  3:10  Probe  
  38  3:11  Blink  
  39  3:14  Pylon  
  39  3:20  Probe  
  39  3:22  Stalker  
  39  3:24  Probe  
  43  3:34  Probe (Chrono Boost)  
  42  3:40  Probe (Chrono Boost)  
  43  3:43  Robotics Facility  
  44  3:51  Probe (Chrono Boost)  
  44  3:54  Probe (Chrono Boost)  
  45  3:55  Stalker  
  45  3:58  Probe (Chrono Boost)  
  45  4:00  Assimilator, Probe  
  45  4:01  Assimilator  
  49  4:09  Probe  
  50  4:12  Probe  
  50  4:16  Pylon  
  51  4:17  Stalker  
  51  4:21  Probe  
  54  4:25  Pylon  
  54  4:34  Probe x2  
  54  4:35  Templar Archives  
  56  4:43  Observer  
  57  4:46  Probe x2, Pylon  
  57  4:48  Nexus  
  57  4:51  Psionic Storm, Pylon  
  59  4:59  Probe  
  60  5:01  Pylon  
  60  5:09  Charge (Chrono Boost)  
  60  5:13  Gateway  
  60  5:15  Gateway  
  60  5:21  Pylon  
  60  5:23  Gateway, High Templar  
  62  5:33  Gateway  
  62  5:35  Gateway  
  62  5:36  High Templar  
  62  5:40  Probe  
  65  5:45  Gateway  
  65  5:49  Immortal  
  69  6:06  High Templar  
  69  6:07  Shield Battery  
  69  6:08  Zealot x2  
  75  6:11  Probe  
  75  6:12  Probe  
  75  6:13  Probe  
  75  6:17  Shield Battery x2  
  78  6:24  Probe  
  79  6:31  Zealot  
  79  6:32  Zealot x2  
  79  6:36  High Templar x2, Immortal (Chrono Boost)  
  79  6:38  Probe x3  
  88  6:47  Zealot  
  88  6:50  Zealot, Probe x3  
  88  6:52  Zealot  
  97  6:59  Pylon  
  97  7:02  Probe  
  97  7:03  Probe  
  97  7:06  Forge  
  97  7:08  Observer, Pylon, Probe  
  100  7:14  Zealot x2  
  100  7:15  Zealot  
  107  7:17  Stalker  
  109  7:24  Probe  
  109  7:25  Zealot x2  
  109  7:27  Stalker  
  116  7:30  Stalker  
  116  7:35  Probe x2  
  120  7:40  Protoss Ground Weapons Level 1 (Chrono Boost)  
  114  7:45  Probe  
  114  7:50  Zealot x4, Robotics Bay  
  116  7:51  Zealot  
  116  7:53  Probe  
  116  7:57  Probe  
  111  8:05  Probe, Stalker x2  
  115  8:06  Probe  
  115  8:11  Probe  
  118  8:18  Photon Cannon, Probe x2  
  120  8:22  Photon Cannon  
  120  8:23  Photon Cannon  
  121  8:27  Probe  
  121  8:32  Observer (Chrono Boost)  
  121  8:34  Robotics Facility  
  122  8:38  Extended Thermal Lance  
  122  8:43  Probe  
  122  8:44  Pylon  
  122  8:45  Pylon  
  122  8:47  Pylon  
  123  8:49  Forge  
  123  8:50  Colossus (Chrono Boost)  
  123  8:55  Pylon  
  129  9:01  Pylon  
  129  9:19  Probe  
  133  9:24  Protoss Ground Weapons Level 2 (Chrono Boost)  
  133  9:25  Colossus (Chrono Boost)  
  133  9:29  Zealot x2  
  133  9:30  Zealot x2  
  141  9:34  Pylon  
  141  9:41  Protoss Ground Armor Level 1 (Chrono Boost)  
  141  9:42  Colossus (Chrono Boost)  
  145  9:53  Pylon  
  145  9:57  Stalker x2  
  145  9:58  Zealot x4  
  153  10:12  Observer (Chrono Boost)  
  150  10:18  Probe  
  150  10:23  Immortal (Chrono Boost)  
  154  10:34  Pylon  
  154  10:37  Nexus  
  154  10:51  Photon Cannon  
  154  10:53  Photon Cannon  
  154  10:59  Nexus, Immortal (Chrono Boost)  
  154  11:00  Immortal (Chrono Boost), Pylon  
  162  11:10  Sentry  
  164  11:12  Probe  
  164  11:13  Probe x2  
  164  11:17  Pylon  
  167  11:25  Probe  
  168  11:26  Photon Cannon, Probe  
  168  11:27  Photon Cannon  
  168  11:28  Protoss Ground Armor Level 2 (Chrono Boost)  
  168  11:30  Shield Battery  
  168  11:32  Shield Battery  
  169  11:36  Immortal x2 (Chrono Boost)  
  169  11:38  Stalker x2  
  169  11:39  Zealot x2, Stalker  
  187  11:41  Zealot  
  163  12:07  Zealot x4  
  163  12:08  Zealot x4  
  153  12:14  Colossus (Chrono Boost)  
  139  12:16  Immortal (Chrono Boost)  
  149  12:31  Protoss Ground Weapons Level 3 (Chrono Boost)  
  149  12:50  Colossus (Chrono Boost)  
  151  13:02  Photon Cannon  
  151  13:03  Shield Battery  
  151  13:07  Gateway  
  151  13:09  Gateway  
  151  13:12  Sentry  
  153  13:15  Sentry  
  153  13:18  Stalker x5  
  165  13:27  Pylon  
  165  13:33  Observer (Chrono Boost)  
  166  13:35  Immortal (Chrono Boost)  
  166  13:40  Pylon  
  168  13:46  Zealot x3, Stalker x4  
  168  13:47  Zealot  
  184  13:51  Gateway, Immortal (Chrono Boost)  
  188  14:09  Immortal  
  192  14:13  Zealot x5  
  200  14:17  Assimilator  
  200  14:18  Assimilator  
  193  14:52  Stalker  
  193  14:53  Stalker x2  
  160  15:08  Stalker x7  
  160  15:13  Zealot  
  160  15:23  Zealot x2, Stalker x4  
  170  15:30  Stalker x4  
  170  15:34  Nexus  
  114  15:42  Stalker  
  107  15:53  Zealot x9  
Show
View Real Time Build Order
Export as new Build Order

Coffee Terran - Winner!

Build Orders: Reaper Expand 

Get SALT Encoding   

  12  0:00  SCV  
  13  0:12  SCV  
  14  0:17  Supply Depot  
  14  0:24  SCV  
  15  0:38  SCV  
  15  0:40  Barracks  
  16  0:42  Refinery  
  16  0:51  SCV  
  17  1:03  SCV  
  18  1:15  SCV  
  19  1:27  Orbital Command, Reaper  
  20  1:40  Command Center  
  20  1:55  SCV  
  20  1:56  Supply Depot  
  20  1:59  Marine  
  22  2:07  SCV  
  23  2:11  Factory  
  23  2:19  SCV  
  23  2:20  Barracks Reactor  
  24  2:24  Bunker  
  24  2:31  SCV, Refinery  
  24  2:43  SCV  
  25  2:52  Orbital Command  
  25  2:55  Hellion, SCV  
  25  2:57  Starport  
  28  3:03  Marine  
  28  3:04  Marine  
  30  3:08  SCV  
  31  3:16  Factory Tech Lab  
  31  3:18  SCV  
  32  3:20  SCV  
  32  3:21  Marine x2  
  35  3:32  SCV x2  
  36  3:34  Barracks  
  36  3:40  Supply Depot  
  36  3:42  Factory Tech Lab  
  36  3:43  Raven, Interference Matrix  
  36  3:45  SCV x2  
  40  3:50  Marine x2  
  42  3:58  SCV x2  
  42  4:01  Barracks  
  42  4:06  Engineering Bay  
  42  4:07  Marine x2  
  44  4:10  SCV x2  
  44  4:14  Supply Depot  
  46  4:22  SCV x2  
  46  4:23  Refinery  
  48  4:28  Marine x2  
  48  4:31  Stimpack, Marine  
  51  4:34  Terran Infantry Weapons Level 1, SCV x2  
  53  4:39  Supply Depot  
  53  4:46  SCV x2  
  53  4:48  Marine x2  
  53  4:49  Marine  
  53  4:50  Starport Reactor, Factory Reactor  
  58  4:54  Supply Depot  
  58  4:55  Supply Depot  
  58  4:59  Combat Shield  
  58  5:01  SCV x2  
  59  5:08  Marauder x2  
  59  5:09  Marine x2  
  59  5:13  SCV, Supply Depot  
  66  5:15  SCV  
  67  5:23  Refinery  
  67  5:27  Medivac x2  
  71  5:30  Marauder  
  71  5:32  Marauder  
  75  5:35  Marine  
  75  5:36  Marine  
  75  5:37  Widow Mine x2  
  75  5:40  Supply Depot  
  80  5:51  Command Center  
  80  5:54  Marauder x2  
  80  5:55  Marine  
  84  5:57  Marine  
  84  6:10  Medivac x2  
  84  6:11  Widow Mine x2  
  92  6:14  Supply Depot  
  92  6:15  Supply Depot, Concussive Shells  
  92  6:19  SCV  
  92  6:20  SCV  
  94  6:31  Marauder x2  
  97  6:34  Marine x2  
  97  6:37  SCV x2  
  97  6:38  Widow Mine x2  
  101  6:50  Barracks x2  
  101  6:53  Armory  
  101  6:56  Marine x2  
  101  7:00  SCV x2, Widow Mine x2  
  109  7:03  Terran Infantry Armor Level 1  
  109  7:11  Marauder x2  
  113  7:17  SCV x2  
  113  7:18  Ghost Academy  
  115  7:26  Marine  
  115  7:27  Widow Mine x2  
  115  7:29  SCV x2  
  122  7:30  Orbital Command  
  118  7:45  Barracks Reactor, Barracks Tech Lab, Marine x2  
  120  7:52  Ghost x2  
  120  7:54  Widow Mine x2  
  126  8:01  SCV x2  
  126  8:03  Medivac  
  126  8:04  Medivac  
  128  8:09  Marine x2  
  128  8:10  Marauder  
  128  8:11  SCV  
  130  8:12  Supply Depot  
  130  8:13  SCV x2  
  130  8:14  Supply Depot x2  
  132  8:24  SCV  
  132  8:26  Refinery x2  
  133  8:30  Sensor Tower  
  133  8:34  Widow Mine x2, SCV x2  
  133  8:41  Supply Depot, Engineering Bay  
  139  8:42  SCV  
  139  8:46  SCV x2  
  142  8:51  Ghost x2  
  142  8:55  SCV, Supply Depot  
  147  8:56  Ghost  
  147  8:57  Terran Infantry Weapons Level 2  
  147  8:58  SCV  
  148  9:17  Marine x4  
  148  9:18  Medivac x2  
  148  9:20  Terran Infantry Armor Level 2  
  152  9:28  Command Center  
  152  9:32  Ghost  
  152  9:33  Ghost  
  156  9:41  Marine x2  
  156  9:42  Marine x2  
  160  9:45  Supply Depot  
  160  9:47  Missile Turret  
  160  9:54  Missile Turret  
  160  9:57  SCV x2  
  162  10:01  Barracks x2, SCV  
  162  10:03  Barracks  
  161  10:09  SCV  
  161  10:12  Viking x2  
  166  10:24  Terran Ship Weapons Level 1  
  166  10:26  Starport  
  166  10:27  Marine x4  
  170  10:29  Marauder  
  170  10:30  Marauder x2  
  169  10:47  Viking x2  
  171  10:50  Ghost x2  
  175  10:57  SCV x2  
  175  10:58  Barracks Reactor, Barracks Tech Lab x2  
  175  11:03  Viking x2  
  181  11:10  Bunker  
  181  11:14  Marine x4  
  181  11:17  Viking x2  
  189  11:25  Supply Depot  
  189  11:29  Refinery  
  189  11:33  Planetary Fortress, Refinery  
  189  11:36  Viking x2  
  193  11:44  Supply Depot  
  193  11:48  Fusion Core  
  171  12:04  Viking x2, Ghost  
  171  12:06  Ghost  
  162  12:10  Marauder  
  162  12:11  Marine x2  
  156  12:19  Liberator, Marine x4  
  156  12:20  Liberator  
  162  12:23  Terran Infantry Weapons Level 3  
  160  12:33  Terran Ship Weapons Level 2, Terran Infantry Armor Level 3  
  160  12:34  Liberator  
  163  12:37  Marine x3  
  163  12:38  Marine, Marauder x2  
  167  12:51  Marine  
  167  12:52  Marine  
  167  12:56  Advanced Ballistics  
  167  12:57  Command Center  
  167  12:58  Sensor Tower, Missile Turret  
  169  13:04  Liberator  
  169  13:05  Liberator  
  175  13:13  Ghost  
  175  13:14  Ghost  
  175  13:16  Marine x3  
  175  13:17  Marine x2  
  184  13:21  Marauder  
  184  13:22  Marauder  
  188  13:29  Marauder  
  188  13:33  Liberator x2  
  196  13:44  Ghost x2  
  198  14:01  Command Center x2  
  198  14:09  Liberator  
  200  14:13  SCV  
  177  15:02  Liberator  
  177  15:03  Liberator x3  
  177  15:04  Marine x2, Marauder  
  177  15:05  Marauder x2, Marine x2  
  196  15:07  Marine  
  196  15:08  Marine  
  196  15:10  Hi-Sec Auto Tracking, Planetary Fortress  
  190  15:39  Ghost x3  
  190  15:40  Marine x2  
  190  15:42  Marine x2  
  184  15:45  Marine  
Tags
 
Add a new tag
Caveats
  • Supply blocks, unpowered buildings, or Contaminate may cause inaccurate times.
  • Supply counts are checked every 10 seconds.